 Dungeon Crawl Stone Soup version 0.28-a0-429-g1448048969 (webtiles) character file.

Game seed: 2947465192122354473

2904 bande the Cleaver (level 9, -2/56 HPs)
             Began as a Gargoyle Fighter on Sept 10, 2021.
             Slain by a centaur (4 damage)
             ... on level 7 of the Dungeon.
             The game lasted 00:13:08 (9623 turns).

bande the Cleaver (Gargoyle Fighter)                Turns: 9623, Time: 00:13:08

Health: -2/56      AC: 20    Str: 24    XL:     9   Next: 78%
Magic:  9/9        EV:  7    Int:  9    God:
Gold:   252        SH:  6    Dex: 10    Spells: 8/8 levels left

rFire   . . .      SeeInvis .   a - +0 war axe
rCold   . . .      Faith    .   c - +1 buckler
rNeg    + . .      Spirit   .   n - +0 plate armour
rPois   ∞          Reflect  .   (no helmet)
rElec   +          Harm     .   (no cloak)
rCorr   .          Rampage  .   (no gloves)
Will    .....                   (no boots)
Stlth   ..........              (no amulet)
HPRegen 0.18/turn               (no ring)
MPRegen 0.11/turn               (no ring)

@: no status effects
A: sickness immunity, AC +6, negative energy resistance 1, electricity
resistance, torment resistance 1, petrification resistance, strong 1, evolution
1
a: no special abilities


You were on level 7 of the Dungeon.
You visited 2 branches of the dungeon, and saw 8 of its levels.

You collected 252 gold pieces.

Inventory:

Hand Weapons
 a - a +0 war axe (weapon)
Armour
 c - a +1 buckler (worn)
 j - a +0 hat
 n - a +0 plate armour (worn)
Wands
 b - a wand of paralysis (8)
 k - a wand of charming (6)
 m - a wand of iceblast (7)
 o - a wand of flame (16)
Scrolls
 e - 3 scrolls of amnesia
Potions
 d - a potion of flight
 f - a potion of mutation
 g - a potion of lignification {unknown}
 h - a potion of curing
 i - a potion of magic {unknown}
 l - a potion of ambrosia


   Skills:
 + Level 6.5 Fighting
 + Level 8.2 Axes
 + Level 8.1 Armour
 + Level 5.4 Shields
 * Level 2.7 Evocations


You had 8 spell levels left.
You didn't know any spells.
Your spell library contained the following spells:

 Spells                   Type           Power      Damage    Failure   Level
 Sandblast                Erth           0%         2d4       99%         1
 Shock                    Conj/Air       0%         1d3       99%         1
 Passwall                 Tmut/Erth      0%         N/A       100%        2
 Stone Arrow              Conj/Erth      0%         3d7       100%        3
 Swiftness                Air            0%         N/A       100%        3
 Airstrike                Air            0%         N/A       100%        4
 Animate Armour           Summ/Erth      0%         N/A       100%        4
 Summon Lightning Spire   Summ/Air       0%         N/A       100%        4
 Lightning Bolt           Conj/Air       0%         1d11      100%        5
 Lehudib's Crystal Spear  Conj/Erth      0%         10d2      100%        8


Dungeon Overview and Level Annotations

Branches:
Dungeon (7/15)             Temple (1/1) D:5

Altars:
Ashenzari
Cheibriados
Dithmenos
Elyvilon
Fedhas
Hepliaklqana
Kikubaaqudgha
Makhleb
Nemelex Xobeh
Ru
Sif Muna
Trog
Vehumet
Xom
Yredelemnul
Zin
The Shining One

Shops:
D:2 [   D:4 (

Annotations:
D:7 exclusion: statue


Innate Abilities, Weirdness & Mutations

You are immune to sickness and miasma.
Your stone body is resilient. (AC +6)
You are immune to poison.
You resist negative energy. (rN+)
You are resistant to electric shocks. (rElec)
You are resistant to unholy torment.
You are immune to petrification.
Your muscles are strong. (Str +2)
You have hidden genetic potential.


Message History

The centaur hits you but does no damage.
The centaur barely misses you.
The boulder beetle curls into a ball and begins rolling!
Something hits you but does no damage. You block the centaur's attack.
The centaur kicks you but does no damage.
You hit the centaur.
The centaur is heavily wounded.
You miss something. The centaur hits you.
The centaur kicks you but does no damage.
A sky beast appears from thin air!
Reactivating autopickup.
The sky beast hits you but does no damage.
The boulder beetle hits you!!
The boulder beetle stops rolling and uncurls.
You block the centaur's attack. x2
You barely miss the centaur.
The centaur is heavily wounded.
Your plate armour prevents you from hitting the boulder beetle.
You slash the sky beast!
The sky beast hits you but does no damage.
The centaur hits you but does no damage.
The centaur kicks you but does no damage.
The boulder beetle bites you!
* * * LOW HITPOINT WARNING * * *
You slash the centaur!
You kill the centaur!
You hit the boulder beetle but do no damage.
You miss the sky beast. The sky beast barely misses you.
You block the boulder beetle's attack. The sky beast closely misses you.
You closely miss the orc warrior. You barely miss the sky beast.
You completely miss the boulder beetle. The boulder beetle bites you!
* * * LOW HITPOINT WARNING * * *
The orc warrior hits you but does no damage.
The sky beast barely misses you.
The sky beast hits you but does no damage.
Unknown command.
The centaur unwields a +0 shortbow.
The centaur hits you.
* * * LOW HITPOINT WARNING * * *
The centaur barely misses you. The centaur hits you.
You die...

# #...#...............##.#.##.. #
#.#.#.####.....####.##...##.. #
#.#.#.#$.##...##.?#.###..##.. #
#.#.#.#...##.##...#.###..##.. #
#.#.#.##...#.#...##......##..
#####.#.#..##.o#.#'.##...###.##..
...##.#.....###.Y.###....# #..#..
...##.#........B8c.......# #..#..
...##.#.#...###.@.###...## #.....
...##.#.#..## +#.#+ ##..# #.#...
#####.#.#.## #.# ##.# #.#.##
......#.#.# ##.## #.# #.#.##
#######.#.# ##...## #.####.#..# #
#.#.####.....####.#....##.#
#######.#...............#.#####'#
#.......########.########.# #...
#.......................#.# #...


You could see a boulder beetle, an orc warrior, a sky beast and a centaur.

Vanquished Creatures
  Pikel (D:3)
  A wyvern (D:7)
  Eustachio (D:4)
  Menkaure (D:6)
  An ice beast (Temple)
  2 black bears
  3 ogres
  An orc warrior (D:7)
  2 centaurs (D:7)
  A kobold brigand (D:7)
  Blork the orc (D:4)
  2 scorpions
  A wyvern skeleton (D:6)
  A water moccasin skeleton (D:5)
  4 wights (D:7)
  A howler monkey (D:7)
  A jelly (D:7)
  3 orc priests
  3 hounds (D:4)
  A gnoll shaman (D:6)
  A bullfrog skeleton (D:5)
  6 iguanas
  An orc wizard (D:4)
  A hound skeleton (D:4)
  A howler monkey zombie (D:5)
  3 gnolls (D:6)
  8 adders
  2 shadow imps
  2 white imps
  2 worms
  3 dart slugs
  16 orcs
  3 ball pythons
  5 endoplasms
  2 giant cockroaches
  7 goblins
  7 hobgoblins
  6 jackals
  2 quokkas
  5 bats
  6 frilled lizards
  9 kobolds
  7 rats
137 creatures vanquished.

Vanquished Creatures (others)
  5 plants (D:1)
5 creatures vanquished.

Grand Total: 142 creatures vanquished

Notes
Turn   | Place    | Note
-------+----------+-------------------------------------------
     0 | D:1      | bande the Gargoyle Fighter began the quest for the Orb.
     0 | D:1      | Reached XP level 1. HP: 14/14 MP: 1/1
   119 | D:1      | Found a faded altar of an unknown god.
   299 | D:1      | Reached XP level 2. HP: 19/19 MP: 2/2
  1122 | D:2      | Reached XP level 3. HP: 22/24 MP: 3/3
  1222 | D:2      | Reached XP level 4. HP: 26/29 MP: 4/4
  1291 | D:2      | Found Zifang's Antique Armour Emporium.
  1778 | D:3      | Reached XP level 5. HP: 13/33 MP: 5/5
  2461 | D:3      | Found a burning altar of Makhleb.
  2464 | D:3      | Found a glowing silver altar of Zin.
  2464 | D:3      | Noticed a balrug
  2464 | D:3      | Noticed an angel
  2716 | D:4      | Noticed Eustachio
  2731 | D:4      | Killed Eustachio
  2732 | D:4      | Reached XP level 6. HP: 7/39 MP: 6/6
  3064 | D:4      | Noticed Pikel
  3067 | D:4      | Reached skill level 5 in Armour
  3067 | D:4      | Reached XP level 7. HP: 31/44 MP: 7/7
  3174 | D:3      | Killed Pikel
  3175 | D:3      | Reached skill level 5 in Fighting
  3175 | D:3      | Reached skill level 5 in Axes
  3175 | D:3      | Reached XP level 8. HP: 19/49 MP: 8/8
  3703 | D:4      | Noticed Blork the orc
  3711 | D:4      | Killed Blork the orc
  4368 | D:4      | Found Oqioro's Weapon Boutique.
  4592 | D:5      | Entered Level 5 of the Dungeon
  5184 | D:5      | Found a staircase to the Ecumenical Temple.
  5190 | Temple   | Entered the Ecumenical Temple
  5243 | Temple   | Reached skill level 5 in Shields
  5864 | D:5      | Found a hazy altar of Hepliaklqana.
  6096 | D:5      | Reached XP level 9. HP: 53/55 MP: 9/9
  6694 | D:5      | Reached skill level 1 in Evocations
  7709 | D:6      | Noticed Menkaure
  7725 | D:6      | Killed Menkaure
  8397 | D:7      | Gained mutation: Your muscles are strong. (Str +2) [potion
                  | of mutation]
  8397 | D:7      | Gained mutation: You have hidden genetic potential. [potion
                  | of mutation]
  9149 | D:7      | Found a radiant altar of Vehumet.
  9613 | D:7      | Noticed a boulder beetle
  9623 | D:7      | HP: 2/56 [centaur (4)]
  9623 | D:7      | Slain by a centaur

Illustrated notes

Levels and vault maps discovered:
D:1:      lemuel_arrival_rhombus, layout_basic, basic_ecumenical_altar,
          serial_bayou_lake_a
D:2:      layout_rooms, serial_shops, nicolae_lakefront_shop
D:3:      layout_loops_ring, grunt_temple_overflow_order_and_chaos_2
D:4:      layout_loops_ring, serial_shops, kennysheep_mini, nrook_uturn,
          uniq_eustachio, uniq_blork_the_orc, uniq_pikel
D:5:      layout_loops_corners, mainiacjoe_overflow_chevrons, temple_green
D:6:      layout_loops_ring, uniq_menkaure
D:7:      cheibrodos_barr_body, layout_basic, vehumet_statue
Temple:   cyrus_circular_temple

Skill      XL: |  1  2  3  4  5  6  7  8  9 |
---------------+----------------------------+-----
Axes           | 2 3 4 5 7 8 |  8.2
Armour         | 4 5 6 7 8 |  8.1
Fighting       | 4 5 6 |  6.5
Shields        | 4 5 |  5.4
Evocations     | 2 |  2.7

Action                   |  1- 3 |  4- 6 |  7- 9 || total
-------------------------+-------+-------+-------++-------
Melee: War axe           |    96 |   113 |   386 ||   595
  Use: Scroll            |     5 |     1 |     5 ||    11
       Potion            |     1 |     2 |     4 ||     7
Armor: Scale mail        |    55 |    45 |    54 ||   154
       Chain mail        |       |       |    70 ||    70
       Plate armour      |       |       |    97 ||    97
Dodge: Dodged            |    53 |    60 |   160 ||   273
Block: Buckler           |    18 |    26 |   101 ||   145

Table legend: (Time is in decaauts)
 A = Elapsed time spent in this place.
 B = Non-inter-level travel time spent in this place.
 C = Inter-level travel time spent in this place.
 D = Time resting spent in this place.
 E = Time spent auto-exploring this place.
 F = Levels seen in this place.
 G = Mean time per level.
                   A        B        C        D        E       F      G
               +--------+--------+--------+--------+--------+-----+--------+
         Total |   9805 |   9664 |    141 |   2635 |   5382 |   8 | 1225.6 |
       Dungeon |   9449 |   9308 |    141 |   2535 |   5206 |   7 | 1349.9 |
        Temple |    355 |    355 |      0 |    100 |    176 |   1 |  355.0 |
               +--------+--------+--------+--------+--------+-----+--------+

Top non-repeatable levels by time:
     D:5: 1847 daAuts
     D:3: 1683 daAuts
     D:4: 1427 daAuts
     D:6: 1397 daAuts
     D:7: 1310 daAuts
     D:1: 1139 daAuts
     D:2: 644 daAuts
  Temple: 355 daAuts
